 Dungeon Crawl Stone Soup version bcrawl-1.27.6 (webtiles) character file.

Game seed: 5901985043201735372

135637 DogServant the Gusty (level 5, -1/41 HPs)
             Began as a Djinni Air Elementalist on Oct 5, 2020.
             Slain by an iguana (11 damage)
             ... on level 4 of the Dungeon.
             The game lasted 00:06:10 (3220 turns).

DogServant the Gusty (Djinni Air Elementalist)      Turns: 3220, Time: 00:06:11

Health: -1/41      AC:  2    Str: 11    XL:     5   Next: 51%
Magic:  5/9        EV: 12    Int: 18    God:
Gold:   96         SH:  0    Dex: 11    Spells: 3/10 levels left

rFire    . . .     SeeInvis .   n - +1 falchion (venom)
rCold    . . .     Gourm    .   (no shield)
rNeg     . . .     Faith    .   a - +0 robe
rPois    .         Spirit   .   (no helmet)
rElec    .         Reflect  .   (no cloak)
rCorr    .         Harm     .   (no gloves)
MR       .....     Rnd*Rage +   (boots unavailable)
Stlth    ++++......             (no amulet)
HPRegen  0.13/turn              i - ring of stealth
MPRegen  0.11/turn              (no ring)

@: flying, very slightly contaminated
A: never pass out, berserk 2, blink, blurry vision 2, wild magic 2, MP-powered
wands, floating
a: Blink


You were on level 4 of the Dungeon.
You were not hungry.

You visited 1 branch of the dungeon, and saw 4 of its levels.

You collected 96 gold pieces.

Inventory:

Hand Weapons
 h - a +0 hunting sling
 n - a +1 falchion of venom (weapon)
Armour
 a - a +0 robe (worn)
 r - a +0 helmet
Jewellery
 i - a ring of stealth (left hand)
Wands
 o - a wand of acid (10)
Scrolls
 d - a scroll of teleportation {unknown}
 f - 4 scrolls of remove curse {unknown}
 g - a scroll of noise {unknown}
 j - a scroll of enchant armour {unknown}
 k - a scroll of immolation {unknown}
 l - 4 scrolls of identify
 p - a scroll of blinking {unknown}
 u - a scroll of fear {unknown}
Potions
 b - a potion of agility {unknown}
 c - 2 potions of flight
 m - 2 potions of lignification {unknown}
 q - a potion of might {unknown}
 s - a potion of mutation {unknown}
 t - a potion of heal wounds {unknown}
 w - 2 potions of curing
Comestibles
 e - 3 rations {!d}


   Skills:
 + Level 1.9 Fighting
 + Level 1.8 Long Blades
 - Level 2.0 Dodging
 - Level 1.5 Stealth
 - Level 3.0 Spellcasting
 + Level 3.4 Conjurations
 + Level 1.2 Charms
 + Level 5.2 Air Magic


You had 3 spell levels left.
You knew the following spells:

 Your Spells              Type           Power        Failure   Level  Hunger
a - Shock                 Conj/Air       ####.        8%          1    None
b - Swiftness             Chrm/Air       ###.....     14%         2    #......
c - Static Discharge      Air            ####....     14%         3    ####...
d - Infusion              Chrm           ##......     21%         1    None

Your spell library contained the following spells:

 Spells                   Type           Power        Failure   Level  Hunger
 Apportation              Tloc           #.....       30%         1    None
 Sandblast                Erth           #.....       30%         1    None
 Slow                     Hex            #.......     30%         1    None
 Summon Butterflies       Summ           #.......     30%         1    None
 Airstrike                Air            ####......   34%         4    #####..
 Lightning Bolt           Conj/Air       ####......   75%         5    ######.


Dungeon Overview and Level Annotations

Branches:
Dungeon (4/12)
 Temple: D:4-7

Altars:
Cheibriados

Annotations:
D:4 Blork the orc


Innate Abilities, Weirdness & Mutations

You never pass out after going berserk.
You often lose your temper in combat.
You can translocate small distances at will.
Scrolls take you longer to read.
Your spells are harder to cast, but more powerful.
You expend magic power (3 MP) to strengthen your wands.
Your body floats in the air.


Message History

The zap hits the iguana but does no damage.
The iguana is lightly wounded.
The zap hits Blork the orc!
Blork the orc is heavily wounded.
Blork the orc hits you from afar with a +0 glaive!
* * * LOW HITPOINT WARNING * * *
The iguana bites you.
* * * LOW HITPOINT WARNING * * *
Casting: Shock (safe; 8% risk of failure)
Confirm with . or Enter, or press ? or * to list all spells.
Aiming: Shock (safe; 8% risk of failure)
Press: ? - help, Shift-Dir - straight line The zap hits the iguana.
The iguana is moderately wounded.
The zap hits the iguana.
The iguana is heavily wounded.
The zap hits Blork the orc but does no damage.
Blork the orc is heavily wounded.
Blork the orc misses you. The iguana bites you!
You die...

.(......#....<...
............#
.......##..##
....... #..#
....... #..#
.(..... #..#
....... #..#
........#..#
.......#.@.# .
#.#l# #. #..#o#
#...##.# #
###.###.###.###
...............
..........####.
..........#
.......%..#


You could see Blork the orc and an iguana.

Vanquished Creatures
  A wight (D:3)
  A howler monkey (D:4)
  Robin (D:2)
  2 adders
  5 worms
  2 dart slugs
  A leopard gecko (D:3)
  4 orcs (D:3)
  A ball python (D:2)
  5 bats
  A giant cockroach (D:1)
  10 goblins
  8 hobgoblins
  3 jackals (D:2)
  3 quokkas
  7 frilled lizards
  9 kobolds
  5 rats
69 creatures vanquished.

Notes
Turn   | Place    | Note
-------+----------+-------------------------------------------
     0 | D:1      | DogServant the Djinni Air Elementalist began the quest for
                  | the Orb.
     0 | D:1      | Reached XP level 1. HP: 14/14 MP: 4/4
   550 | D:1      | Reached skill level 4 in Air Magic
   638 | D:1      | Reached XP level 2. HP: 20/20 MP: 6/6
   986 | D:1      | Learned a level 2 spell: Swiftness
  1529 | D:2      | Reached XP level 3. HP: 26/26 MP: 0/7
  1602 | D:2      | Noticed Robin
  1712 | D:2      | HP: 1/26 [worm (9)]
  1906 | D:2      | Learned a level 3 spell: Static Discharge
  2115 | D:2      | Killed Robin
  2115 | D:2      | Gained mutation: Your spells are harder to cast, but more
                  | powerful. [Djinni growth]
  2115 | D:2      | Gained mutation: You can translocate small distances at
                  | will. [Djinni growth]
  2115 | D:2      | Reached XP level 4. HP: 29/34 MP: 8/8
  2124 | D:2      | Learned a level 1 spell: Infusion
  2481 | D:3      | Reached skill level 1 in Fighting
  2602 | D:3      | Reached skill level 1 in Long Blades
  2674 | D:3      | Found a snail-covered altar of Cheibriados.
  2766 | D:3      | Found a faded altar of an unknown god.
  2836 | D:3      | Reached skill level 5 in Air Magic
  2836 | D:3      | Reached XP level 5. HP: 10/40 MP: 4/9
  3145 | D:4      | Reached skill level 1 in Charms
  3206 | D:4      | Noticed Blork the orc
  3220 | D:4      | Slain by an iguana

Skill      XL: |  1  2  3  4  5 |
---------------+----------------+-----
Air Magic      | 4 5 |  5.2
Conjurations   | 2 3 |  3.4
Fighting       | 1 |  1.9
Long Blades    | 1 |  1.8
Charms         | 1 |  1.2
Dodging        | |  2.0
Stealth        | |  1.5
Spellcasting   | |  3.0

Action                   |  1- 3 |  4- 6 || total
-------------------------+-------+-------++-------
Melee: Unarmed           |    36 |       ||    36
       Falchion          |    17 |    46 ||    63
 Cast: Shock             |    64 |    19 ||    83
       Static Discharge  |       |     1 ||     1
  Use: Potion            |       |     2 ||     2
 Stab: Sleeping          |     7 |     3 ||    10
  Eat: Chunk             |     6 |     6 ||    12
Armor: Robe              |     6 |     7 ||    13
Dodge: Dodged            |    25 |    35 ||    60
